 Dungeon Crawl Stone Soup version 0.32-a0-403-g52729c3 (webtiles) character file.

Game seed: 13475666105375633887

1077 marwff the Grave Robber (level 8, -2/38 (43) HPs)
             Began as a Deep Elf Necromancer on Feb 20, 2024.
             Was a Follower of Vehumet.
             Slain by a wight
             ... wielding a +2 long sword
              (6 damage)
             ... on level 6 of the Dungeon.
             The game lasted 00:33:11 (6014 turns).

marwff the Grave Robber (Deep Elf Necromancer)      Turns: 6014, Time: 00:33:11

HP:   -2/38 (43)    AC:  6    Str:  5    XL:     8   Next: 8%
MP:   14/20         EV: 14    Int: 29    God:    Vehumet [*.....]
Gold: 283           SH:  0    Dex: 15    Spells: 3/21 levels left

rFire   x . .        l - +0 dagger (venom)
rCold   + . .        (no shield)
rNeg    . . .        a - +0 robe
rPois   .            x - +0 helmet
rElec   .            (no cloak)
rCorr   .            j - +2 pair of gloves
SInv    .            (no boots)
Will    .....        (no amulet)
Stlth   +++          y - +6 ring of intelligence
HPRegen 0.26/turn    A - ring of ice
MPRegen 0.17/turn

%: no passive effects
@: heavily drained
A: no striking features
a: Renounce Religion


You were on level 6 of the Dungeon.
You worshipped Vehumet.
Vehumet was aware of your devotion.
You visited 2 branches of the dungeon, and saw 7 of its levels.

You collected 283 gold pieces.

Inventory:

Hand Weapons
 l - a +0 dagger of venom (weapon)
Missiles
 m - 48 stones (quivered)
 B - 2 poisoned darts
Armour
 a - a +0 robe (worn)
 j - a +2 pair of gloves (worn)
 k - a +0 buckler
 x - a +0 helmet (worn)
Magical Staves
 u - a staff of death
 w - a staff of cold
Jewellery
 y - a +6 ring of intelligence (left hand)
 A - a ring of ice (right hand)
 D - a ring of resist corrosion
Wands
 t - a wand of digging (4)
Scrolls
 c - 4 scrolls of teleportation
 d - 2 scrolls of fear {unknown}
 e - 2 scrolls of revelation {unknown}
 i - 2 scrolls of blinking {unknown}
 o - 2 scrolls of vulnerability {unknown}
 r - 2 scrolls of fog {unknown}
 s - 3 scrolls of identify
 v - a scroll of enchant armour {unknown}
 C - a scroll of poison {unknown}
 E - a scroll of silence {unknown}
 F - a scroll of brand weapon {unknown}
Potions
 b - 2 potions of magic
 f - 4 potions of curing {unknown}
 g - a potion of brilliance
 h - a potion of attraction {unknown}
 n - a potion of cancellation {unknown}
 q - a potion of degeneration {unknown}
 z - 2 potions of heal wounds {unknown}
 G - a potion of berserk rage {unknown}


   Skills:
 + Level 1.4 Fighting
 - Level 5.0 Dodging
 - Level 7.0 Stealth
 - Level 7.0 Spellcasting
 + Level 2.0 Conjurations
 - Level 7.0 Necromancy


You had 3 spell levels left.
You knew the following spells:

 Your Spells              Type           Power      Damage    Failure   Level
a - Necrotise             Necr           100%       1d9       1%          1
b - Vampiric Draining     Necr           50%        2d9       1%          3
c - Animate Dead          Necr           50%        N/A       2%          4
d - Foxfire               Conj/Fire      64%        2x1d7     3%          1
e - Cigotuvi's Dreadful   Necr/Alch/Air  46%        N/A       3%          2
f - Static Discharge      Conj/Air       32%        3-5/arc   4%          2
g - Curse of Agony        Necr           50%        N/A       8%          5

Your spell library contained the following spells:

 Spells                   Type           Power      Damage    Failure   Level
 Dazzling Flash           Conj/Hex       32%        N/A       10%         3
 Volatile Blastmotes      Fire/Tloc      20%        2d11      16%         3
 Airstrike                Air            5%         2d(1-17)  45%         4
 Ignite Poison            Fire/Alch      10%        N/A       45%         4
 Summon Lightning Spire   Summ/Air       10%        N/A       45%         4
 Freezing Cloud           Conj/Ice/Air   10%        6-21      71%         5
 Starburst                Conj/Fire      8%         6d4       99%         6
 Maxwell's Capacitive Co  Air            5%         ∞         100%        8


Dungeon Overview and Level Annotations

Branches:
Dungeon (6/15)             Temple (1/1) D:4

Altars:
Ashenzari
Cheibriados
Dithmenos
Elyvilon
Fedhas
Hepliaklqana
Makhleb
Nemelex Xobeh
Okawaru
Ru
Sif Muna
Uskayaw
Vehumet
Wu Jian
Xom
Yredelemnul
Zin

Shops:
D:2 ?   D:4 *

Portals:
Abyss: D:6

Annotations:
D:6 2 transporters, Tanach's ghost, novice MiFi


Message History

Press: ? - help, v - describe, . - travel
Here: a wight, wielding a +0 battleaxe and wearing a +0 robe (moderately damaged)
The floor.
The wight barely misses you.
Your adder zombie bites the wight.
The wight barely misses your adder zombie.
Your adder zombie bites the wight but does no damage.
The wight attacks as it pursues you! The wight hits you but does no damage.
The wight completely misses your adder zombie.
The wight attacks as it pursues you! The wight closely misses you.
Your adder zombie bites the wight but does no damage.
The wight attacks as it pursues you!
The wight hits you with a +2 long sword.
The wight hits your adder zombie with a +0 long sword!
Your adder zombie is destroyed!
Press: ? - help, v - describe, . - travel The floor.
You hit the wight but do no damage.
The wight is heavily damaged.
The wight hits you with a +2 long sword.
Hit: l) +0 dagger (venom)
Press: ? - help, Dir - move target, f - wight
Aim: a wight, wielding a +0 battleaxe and wearing a +0 robe (moderately damaged, about 37% to evade your +0 dagger of venom)
Okay, then.
The wight attacks as it pursues you!
The wight hits you with a +2 long sword.
The wight attacks as it pursues you! The wight hits you with a +0 battleaxe!
* * * LOW HITPOINT WARNING * * *
You feel drained.
* * * LOW HITPOINT WARNING * * *
As you read the scroll of summoning, it crumbles to dust.
Wisps of shadow whirl around you...
The wight hits you with a +2 long sword!
* * * LOW HITPOINT WARNING * * *
You feel drained.
* * * LOW HITPOINT WARNING * * *
The wight closely misses you.
The wight hits your black bear with a +0 battleaxe!
The wight attacks as it pursues you!
The wight hits you with a +2 long sword.
You die...

......#......# #..## ## ...##
.............###...# ...##.
..............##...# #©### .
........(.....##..## #..W#
..o..............©# #.#
...............#..## #..#
..$............#...## .©?x.
......[..z...#Y#....# ## # .
......#.....##@l...##.. #..# .
......##.....z.....##©###...###
.....! #....zh.....####.......#
...............S...............
...........................
...#............#.....[...#
...............####.......#
.###.......................
#...........#.........##


You could see 2 wights, a friendly black bear (summoned), a friendly ice beast
(summoned), a friendly iguana (summoned) and a friendly adder (summoned).

Vanquished Creatures
  2 ice beasts (D:6)
  2 phantoms
  A bullfrog (D:6)
  A bombardier beetle (D:3)
  3 hounds (D:5)
  An orc priest (D:2)
  A gnoll bouda (D:5)
  2 iguanas
  3 orc wizards
  4 gnolls
  8 adders
  A white imp (D:5)
  A ribbon worm (D:2)
  A dart slug (D:3)
  23 orcs
  3 ball pythons
  An endoplasm (D:1)
  4 giant cockroaches
  3 goblins
  6 hobgoblins
  2 jackals (D:1)
  4 quokkas
  7 bats
  2 kobolds (D:1)
  5 rats
91 creatures vanquished.

Vanquished Creatures (collateral kills)
  A phantom (D:5)
  2 ribbon worms
  3 orcs
  An endoplasm (D:2)
  A bat (D:2)
  A goblin (D:2)
9 creatures vanquished.

Vanquished Creatures (others)
  A hound zombie (D:5)
  A ribbon worm zombie (D:5)
  An adder zombie (D:6)
  7 orc zombies
  A bat zombie (D:2)
  A giant cockroach zombie (D:3)
  A goblin zombie (D:2)
  A hobgoblin zombie (D:2)
  A rat zombie (D:3)
  12 foxfires (D:6)
27 creatures vanquished.

Grand Total: 127 creatures vanquished

Notes
Turn   | Place    | Note
-------+----------+-------------------------------------------
     0 | D:1      | marwff the Deep Elf Necromancer began the quest for the
                  | Orb.
     0 | D:1      | Reached XP level 1. HP: 10/10 MP: 6/6
   117 | D:1      | Reached skill level 5 in Necromancy
   242 | D:1      | Reached XP level 2. HP: 15/15 MP: 5/8
   777 | D:1      | Reached XP level 3. HP: 19/19 MP: 5/10
  1371 | D:2      | Reached XP level 4. HP: 24/24 MP: 8/12
  1375 | D:2      | Learned a level 3 spell: Vampiric Draining
  1380 | D:2      | Learned a level 4 spell: Animate Dead
  1412 | D:2      | Found Xifeni's Magic Scroll Shoppe.
  1615 | D:2      | Reached skill level 5 in Spellcasting
  1893 | D:2      | Reached XP level 5. HP: 12/28 MP: 2/14
  2499 | D:3      | Found a basalt altar of Yredelemnul.
  2570 | D:3      | Found a faded altar of an unknown god.
  2803 | D:3      | Learned a level 5 spell: Curse of Agony
  2976 | D:3      | Found a faded altar of an unknown god.
  2986 | D:3      | Reached XP level 6. HP: 18/32 MP: 9/17
  2989 | D:3      | HP: 2/32 [burnt (5)]
  3109 | D:3      | Found a broken altar of Ashenzari.
  3480 | D:4      | Found a shimmering blue altar of Sif Muna.
  3521 | D:4      | Found a staircase to the Ecumenical Temple.
  3527 | D:4      | Found Asuluask's Assorted Antiques.
  3531 | Temple   | Entered the Ecumenical Temple
  3546 | Temple   | Became a worshipper of Vehumet
  4000 | D:5      | Entered Level 5 of the Dungeon
  4588 | D:5      | Learned a level 2 spell: Cigotuvi's Dreadful Rot
  4607 | D:5      | Reached XP level 7. HP: 29/34 MP: 6/19
  4845 | D:5      | Reached skill level 5 in Stealth
  5156 | D:5      | Reached skill level 5 in Dodging
  5576 | D:6      | Found a one-way gate to the infinite horrors of the Abyss.
  5576 | D:6      | Noticed Tanach's ghost (novice MiFi)
  5581 | D:6      | Found a transporter.
  5601 | D:6      | Found a transporter.
  5721 | D:6      | Noticed an ancient zyme
  5779 | D:6      | Reached skill level 1 in Fighting
  5779 | D:6      | Reached skill level 1 in Conjurations
  5833 | D:5      | Learned a level 2 spell: Static Discharge
  5840 | D:6      | Reached XP level 8. HP: 33/43 MP: 9/20
  5909 | D:6      | Reached * piety under Vehumet
  5909 | D:6      | Offered knowledge of Foxfire by Vehumet.
  5912 | D:6      | Learned a level 1 spell: Foxfire
  6014 | D:6      | Slain by a wight

Illustrated notes

Levels and vault maps discovered:
D:1:      evilmike_arrival_fibonacci_small, layout_basic, serial_bayou_lake_a
D:2:      cheibrodos_pilgrimage, layout_rooms, serial_shops, shop,
          kennysheep_nondescript
D:3:      layout_basic, nicolae_overflow_ecumenical_swirl,
          mainiacjoe_overflow_brackets, hellmonk_ecumenical_altar_heavens_door,
          minivault_5
D:4:      layout_cave_pools, mainiacjoe_overflow_boulevard,
          minmay_temple_entry_stoned_glass, serial_shops, shop
D:5:      layout_basic
D:6:      layout_rooms, serial_shops, nicolae_diamond_shop,
          gammafunk_ghost_abyssal_escape
Temple:   eino_narrow_crystal_temple

Skill      XL: |  1  2  3  4  5  6  7 |
---------------+----------------------+-----
Necromancy     | 5 6 7 |  7.0
Spellcasting   | 4 5 6 7 |  7.0
Stealth        | 4 7 |  7.0
Dodging        | 3 5 |  5.0
Fighting       | 1 |  1.4
Conjurations   | 2 |  2.0

Action                     |  1- 3 |  4- 6 |  7- 9 || total
---------------------------+-------+-------+-------++-------
  Melee: Unarmed           |    12 |       |       ||    12
         Dagger            |     5 |    55 |    32 ||    92
         Staff             |       |     7 |       ||     7
  Throw: Stone             |     2 |     1 |     2 ||     5
   Cast: Necrotise         |    50 |    92 |    36 ||   178
         Animate Dead      |       |    11 |     2 ||    13
         Vampiric Draining |       |     8 |       ||     8
         Curse of Agony    |       |     1 |     2 ||     3
         Cigotuvi's Dreadf |       |     1 |     3 ||     4
         Static Discharge  |       |       |     6 ||     6
         Foxfire           |       |       |     8 ||     8
    Use: Scroll            |       |     3 |     1 ||     4
   Stab: Distracted        |     1 |     1 |     1 ||     3
 Armour: Robe              |    16 |    50 |    45 ||   111
  Dodge: Dodged            |    14 |    38 |    23 ||    75

Table legend: (Time is in decaauts)
 A = Elapsed time spent in this place.
 B = Non-inter-level travel time spent in this place.
 C = Inter-level travel time spent in this place.
 D = Time resting spent in this place.
 E = Time spent auto-exploring this place.
 F = Levels seen in this place.
 G = Mean time per level.
                   A        B        C        D        E       F      G
               +--------+--------+--------+--------+--------+-----+--------+
         Total |   6052 |   5659 |    393 |    918 |   3736 |   7 |  864.6 |
       Dungeon |   6021 |   5656 |    365 |    918 |   3736 |   6 | 1003.5 |
        Temple |     30 |      2 |     28 |      0 |      0 |   1 |   30.0 |
               +--------+--------+--------+--------+--------+-----+--------+

Top non-repeatable levels by time:
     D:5: 1441 daAuts
     D:3: 1326 daAuts
     D:1: 1259 daAuts
     D:2: 858 daAuts
     D:6: 571 daAuts
     D:4: 565 daAuts
  Temple: 30 daAuts
